 Dungeon Crawl Stone Soup version 0.28-a0-32-g8dfe7f97f6 (webtiles) character file.

Game seed: 1412620047141962802

122529 magipi the Spear-Bearer (level 16, 0/100 HPs)
             Began as a Gargoyle Berserker on July 24, 2021.
             Was a High Priest of Trog.
             Killed from afar by Nikola (55 damage)
             ... with an arc of chain lightning
             ... on level 1 of the Snake Pit on July 27, 2021.
             The game lasted 02:14:38 (32181 turns).

magipi the Spear-Bearer (Gargoyle Berserker)       Turns: 32181, Time: 02:14:38

Health: 0/100      AC: 45    Str: 22    XL:     16   Next: 88%
Magic:  0/8        EV: 10    Int:  9    God:    Trog [*****.]
Gold:   717        SH: 19    Dex: 14    Spells: 15/15 levels left

rFire   + . .      SeeInvis +   a - +3 demon trident (antimagic)
rCold   + . .      Faith    .   Y - +2 kite shield {rC+}
rNeg    + . .      Spirit   .   i - +3 plate armour {rF+}
rPois   ∞          Reflect  +   V - +0 mask of the Dragon {Will+ Slay+3 SInv}
rElec   +          Harm     .   S - +1 cloak {rPois}
rCorr   .          Rampage  .   U - +4 pair of gloves of the Butcher {rElec MP+9}
Will    ++...                   W - +1 pair of boots
Stlth   ..........              r - amulet of reflection
HPRegen 0.26/turn               s - +4 ring of slaying
MPRegen 0.11/turn               v - +4 ring of protection

@: flying
A: sickness immunity, AC +12, big wings, negative energy resistance 1,
electricity resistance, torment resistance 1, petrification resistance
a: Renounce Religion, Berserk, Trog's Hand, Brothers in Arms


You were on level 1 of the Snake Pit.
You worshipped Trog.
Trog was extremely pleased with you.
You visited 4 branches of the dungeon, and saw 24 of its levels.
You also visited: Sewer and Bailey.

You collected 3232 gold pieces.
You spent 2515 gold pieces at shops.

Inventory:

Hand Weapons
 a - a +3 antimagic demon trident (weapon)
   (Trog gifted it to you on level 3 of the Lair of Beasts)
 b - a +2 vampiric spear
   (You found it on level 4 of the Dungeon)
Missiles
 k - 9 throwing nets
 m - 21 curare-tipped darts
 n - 80 poisoned darts
 y - 10 atropa-tipped darts
 z - 8 silver boomerangs
 F - 19 javelins
 M - 6 silver javelins
 N - 17 boomerangs (quivered)
Armour
 i - a +3 plate armour of fire resistance (worn)
   (You took it off a gnoll sergeant in a bailey)
 S - a +1 cloak of poison resistance (worn)
   (You took it off Crazy Yiuf on level 6 of the Dungeon)
 U - the +4 pair of gloves of the Butcher (worn) {rElec MP+9}
   (You found it on level 12 of the Dungeon)

   rElec:     It insulates you from electricity.
   MP:        It affects your magic capacity (+9).
 V - the +0 mask of the Dragon (worn) {Will+ Slay+3 SInv}
   (You bought it in a shop on level 2 of the Dungeon)

   Slay:      It affects your accuracy & damage with ranged weapons and melee
   (+3).
   SInv:      It lets you see invisible.
   Will:      It increases your willpower.
 W - a +1 pair of boots (worn)
   (You bought it in a shop on level 2 of the Dungeon)
 Y - a +2 kite shield of cold resistance (worn)
   (You bought it in a shop on level 13 of the Dungeon)
Jewellery
 c - a ring of protection from cold
   (You bought it in a shop on level 2 of the Orcish Mines)
 o - a ring of resist corrosion
   (You found it on level 6 of the Lair of Beasts)
 r - an amulet of reflection (around neck)
   (You found it on level 11 of the Dungeon)
 s - a +4 ring of slaying (left hand)
   (You found it on level 5 of the Lair of Beasts)
 v - a +4 ring of protection (right hand)
   (You found it on level 11 of the Dungeon)
Wands
 u - a wand of paralysis (8)
   (You took it off Pikel on level 5 of the Dungeon)
 B - a wand of iceblast (26)
   (You took it off a kobold on level 9 of the Dungeon)
 D - a wand of polymorph (6)
   (You bought it in a shop on level 2 of the Orcish Mines)
 L - a wand of acid (10)
   (You found it on level 6 of the Lair of Beasts)
 P - a wand of flame (19)
   (You took it off Dowan on level 6 of the Dungeon)
 T - a wand of charming (4)
   (You found it on level 12 of the Dungeon)
 X - a wand of mindburst (12)
   (You found it on level 13 of the Dungeon)
Scrolls
 g - a scroll of enchant weapon
 h - 5 scrolls of teleportation
 j - 3 scrolls of identify
 l - 3 scrolls of vulnerability
 w - a scroll of immolation
 x - 2 scrolls of brand weapon
 E - 3 scrolls of blinking
 H - 2 scrolls of summoning
 J - 4 scrolls of magic mapping
 Q - 4 scrolls of enchant armour
Potions
 d - 2 potions of invisibility
 e - 5 potions of might
 f - 3 potions of lignification
 p - 3 potions of heal wounds
 q - 4 potions of resistance
 t - 8 potions of curing
 A - 2 potions of attraction
 G - a potion of ambrosia
 O - 2 potions of haste
 R - 2 potions of magic
Miscellaneous
 C - a tin of tremorstones (1/2)
   (You found it in a bailey)


   Skills:
 - Level 11.0 Fighting
 - Level 14.0 Polearms
 - Level 10.4 Throwing
 - Level 12.0 Armour
 - Level 10.0 Dodging
 + Level 10.5 Shields
 - Level 10.4 Evocations


You had 15 spell levels left.
You didn't know any spells.
Your spell library contained the following spells:

 Spells                   Type           Power      Damage    Failure   Level
 Apportation              Tloc           0%         N/A       100%        1
 Magic Dart               Conj           0%         1d3       100%        1
 Blink                    Tloc           N/A        N/A       100%        2
 Call Imp                 Summ           0%         N/A       100%        2
 Searing Ray              Conj           0%         3d3       100%        2
 Static Discharge         Conj/Air       0%         N/A       100%        2
 Dazzling Flash           Conj/Hex       0%         N/A       100%        3
 Frozen Ramparts          Ice            0%         1d2       100%        3
 Mephitic Cloud           Conj/Pois/Air  0%         N/A       100%        3
 Fulminant Prism          Conj/Hex       0%         3d6       100%        4
 Hailstorm                Conj/Ice       0%         3d3       100%        4
 Ice Form                 Ice/Tmut       0%         N/A       100%        4
 Iskenderun's Mystic Bla  Conj/Tloc      0%         2d3       100%        4
 Petrify                  Tmut/Erth      0%         N/A       100%        4
 Sticky Flame             Conj/Fire      0%         2d3       100%        4
 Summon Ice Beast         Ice/Summ       0%         N/A       100%        4
 Agony                    Necr           0%         N/A       100%        5
 Alistair's Intoxication  Tmut/Pois      0%         N/A       100%        5
 Borgnjor's Vile Clutch   Necr/Erth      0%         N/A       100%        5
 Irradiate                Conj/Tmut      0%         3d13      100%        5
 Lee's Rapid Deconstruct  Erth           0%         3d5*      100%        5
 Lightning Bolt           Conj/Air       0%         1d11      100%        5
 Manifold Assault         Tloc           0%         N/A       100%        5
 Silence                  Hex/Air        0%         N/A       100%        5
 Dispersal                Tloc           0%         N/A       100%        6
 Eringya's Noxious Bog    Tmut/Pois      0%         N/A       100%        6
 Invisibility             Hex            0%         N/A       100%        6
 Iron Shot                Conj/Erth      0%         9d1       100%        6
 Storm Form               Tmut/Air       0%         N/A       100%        7
 Disjunction              Tloc           0%         N/A       100%        8
 Maxwell's Capacitive Co  Air            0%         ∞         100%        8
 Sublimation of Blood     Necr           Unusable   N/A       N/A         2

Dungeon Overview and Level Annotations

Branches:
Dungeon (15/15)            Temple (0/1) D:5            Lair (6/6) D:8
 Shoals (0/4) Lair:4        Snake (1/4) Lair:4        Slime (0/5) Lair:6
    Orc (2/2) D:12            Elf (0/3) Orc:2        Vaults (0/5) D:13
 Depths (0/5) D:15          Sewer (visited)          Bailey (visited)

Altars:
Hepliaklqana
Trog
Vehumet
Wu Jian
Beogh
Jiyva

Shops:
D:2 [   D:12 (   D:13 [   Orc:2 [*:(

Portals:
Trove: D:11 (give +4 shadow dragon scales)

Annotations:
D:7 3 runed translucent doors, Papr's ghost, novice HuCj
D:8 2 transporters, Nausicaa's ghost, novice TrMo
Lair:6 1 runed translucent door
Snake:1 Nikola
Orc:2 ettin O1


Innate Abilities, Weirdness & Mutations

You are immune to sickness and miasma.
Your stone body is resilient. (AC +12)
You are immune to poison.
Your large and strong wings let you fly.
You resist negative energy. (rN+)
You are resistant to electric shocks. (rElec)
You are resistant to unholy torment.
You are immune to petrification.


Message History

The anaconda is heavily wounded.
The anaconda bites you but does no damage.
The anaconda constricts you.
The mana viper bites you but does no damage.
Unknown command.
You puncture the anaconda!
The anaconda is heavily wounded.
You block the anaconda's attack. The anaconda constricts you.
You block the mana viper's attack.
Unknown command.
You puncture the anaconda!
The anaconda is severely wounded.
The anaconda bites you. The anaconda constricts you.
The mana viper bites you but does no damage.
You block the anaconda's attack. The anaconda constricts you.
Unknown command.
Unknown command.
You completely miss the anaconda.
The anaconda is severely wounded.
You block the anaconda's attack. The anaconda constricts you.
The mana viper bites you but does no damage.
Unknown command.
Unknown command.
You hit the anaconda.
The anaconda is severely wounded.
You block the anaconda's attack. The anaconda constricts you.
You block the mana viper's attack.
Unknown command.
You barely miss the anaconda.
The anaconda is severely wounded.
You block the anaconda's attack. The anaconda constricts you.
An anaconda comes into view.
The mana viper bites you.
You feel your power leaking away.
You barely miss the anaconda.
The anaconda is severely wounded.
The anaconda hisses angrily.
The anaconda bites you but does no damage.
The anaconda constricts you.
An anaconda comes into view.
You block the mana viper's attack. The anaconda barely misses you.
The anaconda constricts you.
The anaconda hisses angrily.
You puncture the anaconda!
The anaconda is almost dead.
The anaconda bites you but does no damage.
The anaconda constricts you. The mana viper bites you!
You feel your power leaking away.
Nikola says, "There's a spark of magic in your eyes."
Nikola casts a spell.
Nikola blinks!
Unknown command.
You closely miss the anaconda.
The anaconda is almost dead.
You block the anaconda's attack. The anaconda constricts you.
The mana viper bites you!
Unknown command.
Unknown command.
You miss the anaconda.
The anaconda is almost dead.
You block the anaconda's attack. The anaconda constricts you.
Nikola gestures wildly while chanting.
Nikola blinks!
You block the mana viper's attack.
Unknown command.
Unknown command.
Unknown command.
Aiming: Iceblast
Press: ? - help, Shift-Dir - straight line The mass of ice explodes!
The iceblast engulfs Nikola!!
Nikola is lightly wounded.
The iceblast engulfs the anaconda!!
You kill the anaconda!
Trog accepts your kill. Something appears at your feet!
You see here a +3 trident.
Trog grants you a weapon!
Unknown command.
Unknown command.
Unknown command.
Unknown command.
Unknown command.
You block the anaconda's attack. x2; The anaconda grabs you.
You stop ascending the stairs.
The anaconda bites you! The anaconda constricts you. You block Nikola's attack.
You block the anaconda's attack.
Unknown command.
Unknown command.
Unknown command.
Unknown command.
As you read the scroll of fear, it crumbles to dust.
You assume a fearsome visage.
Nikola resists with almost no effort.
The mana viper looks frightened!
The anaconda looks frightened! x2
The anaconda loses its grip on you. You block Nikola's attack.
Unknown command.
Unknown command.
Unknown command.
Nikola casts a spell.
Lightning arcs from Nikola's hands!
The bolt of lightning hits you!!! You resist.
Ouch! That really hurt!
You die...

.......##
.......
####.....#
.....S.S
#.....#
##.....###
#...@....#
#....@...#
..)..#.....#
### #...###
#...# #.S.#
#...# ....#
..#..


You could see Nikola, 2 anacondas and a mana viper (fleeing).

Vanquished Creatures
  Rupert (Lair:3)
  Kirke (Lair:5)
  An orc warlord (Orc:1)
  An ironbound preserver (D:13)
  Snorg (D:14)
  4 boulder beetles
  7 hydras
  A death knight (D:15)
  2 catoblepae (Lair:6)
  An anaconda (Snake:1)
  5 centaur warriors
  6 two-headed ogres
  16 death yaks
  2 tengu warriors
  2 orc high priests (Orc:2)
  Sonja (Lair:6)
  6 skeletal warriors
  Pikel (D:5)
  A lindwurm (Lair:5)
  A phantasmal warrior (D:15)
  3 orc knights (Orc:2)
  2 swamp dragons (Lair:4)
  A necromancer (D:15)
  3 deep elf pyromancers (D:15)
  4 oklob plants (Lair:6)
  An orb spider (shapeshifter) (D:15)
  4 orc sorcerers
  5 cyclopes
  5 manticores
  11 ugly things
  21 elephants
  A gargoyle (D:13)
  2 naga magi (D:15)
  5 black mambas
  15 cane toads
  An unseen horror (D:12)
  A freezing wraith (D:14)
  2 kobold demonologists
  10 komodo dragons
  3 rime drakes
  2 efreet
  2 tengu conjurers
  A jumping spider (shapeshifter) (D:13)
  7 polar bears (Lair:6)
  9 hornets
  11 trolls
  A wind drake (Lair:4)
  22 blink frogs
  7 slime creatures
  19 dream sheep
  2 centaur simulacra (D:15)
  A shadow (D:10)
  Sigmund (D:2)
  13 spriggans (Lair:6)
  2 wraiths
  Eustachio (D:5)
  2 wyverns
  4 hogs (Lair:5)
  54 yaks
  A basilisk (shapeshifter) (D:13)
  A steam dragon (Lair:3)
  3 basilisks
  2 vampire mosquitoes (D:14)
  4 acid dragons
  8 wargs
  2 nagas (Lair:4)
  18 water moccasins
  Duvessa (D:6)
  22 orc warriors
  2 ice beasts (D:6)
  3 black bears
  2 sky beasts
  A necrophage (D:6)
  37 wolves
  5 ogres
  4 boggarts (Lair:6)
  5 centaurs
  A lemure (D:5)
  A phantom (D:5)
  7 kobold brigands
  17 bullfrogs
  8 gnoll sergeants (Bailey)
  A scorpion (D:6)
  Dowan (D:6)
  A wyvern skeleton (D:5)
  3 killer bees (D:9)
  6 electric eels
  6 wights
  5 howler monkeys
  6 centaur zombies
  A jelly (D:5)
  7 hounds
  7 orc priests
  2 centaur skeletons
  Crazy Yiuf (D:6)
  7 gnoll shamans
  4 iguanas
  13 orc wizards
  2 howler monkey zombies (D:9)
  6 adders
  28 gnolls
  3 river rats (Sewer)
  A shadow imp (D:6)
  A white imp (D:5)
  An ufetubus (D:4)
  An adder skeleton (D:2)
  A worm (D:2)
  4 dart slugs
  48 orcs
  9 ball pythons
  3 bats
  6 endoplasms
  3 giant cockroaches
  9 goblins
  3 hobgoblins
  11 jackals
  2 quokkas
  4 frilled lizards
  30 kobolds
  9 rats
733 creatures vanquished.

Vanquished Creatures (collateral kills)
  A death knight (D:13)
  A death yak (Lair:6)
  2 orc sorcerers (Orc:2)
  A komodo dragon (Lair:6)
  2 freezing wraiths (D:13)
  A wraith (D:13)
  5 yaks (Lair:6)
  A warg (Orc:2)
  A water moccasin (Lair:6)
  3 orc warriors (Orc:2)
  2 ogres (Orc:2)
  5 wolves (Lair:3)
  2 orc wizards (Orc:2)
  4 orcs (Orc:2)
31 creatures vanquished.

Vanquished Creatures (others)
  An anaconda (Snake:1)
  A bush (Lair:6)
  71 fungi
  64 plants
137 creatures vanquished.

Grand Total: 901 creatures vanquished

Notes
Turn   | Place    | Note
-------+----------+-------------------------------------------
     0 | D:1      | magipi the Gargoyle Berserker began the quest for the Orb.
     0 | D:1      | Reached XP level 1. HP: 14/14 MP: 1/1
   155 | D:1      | Reached skill level 3 in Polearms
   287 | D:1      | Reached XP level 2. HP: 19/19 MP: 2/2
   943 | D:2      | Found Vouxuek's Antique Armour Shoppe.
   967 | D:2      | Reached XP level 3. HP: 20/24 MP: 3/3
  1103 | D:2      | Found a faded altar of an unknown god.
  1258 | D:2      | Noticed Sigmund
  1305 | D:3      | Reached ** piety under Trog
  1728 | D:3      | Reached XP level 4. HP: 29/29 MP: 4/4
  1756 | D:3      | Reached skill level 4 in Polearms
  2024 | D:4      | Reached XP level 5. HP: 34/34 MP: 5/5
  2341 | D:4      | Found a glowing drain.
  2369 | Sewer    | Entered a sewer
  2460 | Sewer    | Noticed a kobold brigand
  2532 | Sewer    | Killed a kobold brigand
  2533 | Sewer    | Reached skill level 5 in Polearms
  2533 | Sewer    | Reached XP level 6. HP: 24/40 MP: 6/6
  2744 | Sewer    | Reached *** piety under Trog
  2764 | Sewer    | Found a white marble altar of Elyvilon.
  3172 | D:4      | Found a bloodstained altar of Trog.
  3274 | D:5      | Entered Level 5 of the Dungeon
  3287 | D:5      | Reached skill level 5 in Fighting
  3628 | D:5      | Reached XP level 7. HP: 32/44 MP: 7/7
  4087 | D:5      | Found a staircase to the Ecumenical Temple.
  4164 | D:5      | Noticed Pikel
  4195 | D:5      | Killed Pikel
  4196 | D:5      | Reached skill level 6 in Polearms
  4196 | D:5      | Reached skill level 5 in Armour
  4196 | D:5      | Reached XP level 8. HP: 51/51 MP: 8/8
  4248 | D:5      | Noticed a hornet
  4261 | D:5      | Killed a hornet
  4262 | D:5      | Reached skill level 7 in Polearms
  4680 | D:2      | Bought a pair of embroidered gloves for 187 gold pieces
  5062 | D:6      | Noticed Eustachio
  5118 | D:5      | Reached XP level 9. HP: 57/57 MP: 9/9
  5123 | D:5      | Killed Eustachio
  5124 | D:5      | Reached skill level 8 in Polearms
  5258 | D:6      | Found a runed translucent door.
  5258 | D:6      | Noticed Duvessa
  5258 | D:6      | Noticed Crazy Yiuf
  5259 | D:6      | Noticed Dowan
  5446 | D:6      | Found an ornate altar of the Wu Jian Council.
  5746 | D:6      | Found a hazy altar of Hepliaklqana.
  5947 | D:7      | Found a flagged portal.
  5953 | Bailey   | Entered a bailey
  6559 | Bailey   | Reached skill level 9 in Polearms
  7181 | Bailey   | Reached **** piety under Trog
  7182 | Bailey   | Reached skill level 1 in Throwing
  7314 | Bailey   | Reached skill level 1 in Evocations
  7491 | D:7      | Found a runed translucent gate.
  7492 | D:7      | Found a runed translucent gate.
  7538 | D:7      | Reached XP level 10. HP: 58/64 MP: 10/10
  7596 | D:7      | Noticed Papr's ghost (novice HuCj)
  7597 | D:7      | Found a runed translucent gate.
  8160 | D:7      | Noticed a two-headed ogre
  8487 | D:7      | Killed a two-headed ogre
  8488 | D:7      | Reached skill level 1 in Shields
  8586 | D:8      | Found a transporter.
  8591 | D:8      | Noticed Nausicaa's ghost (novice TrMo)
  8686 | D:8      | Found a transporter.
  8918 | D:8      | Found a staircase to the Lair.
  9520 | D:8      | Upgraded the game from 0.28-a0-8-g6e044cfa68 to
                  | 0.28-a0-10-g964c8b829e
  9848 | D:9      | Reached ***** piety under Trog
 10391 | D:9      | Reached skill level 10 in Polearms
 10399 | D:9      | Reached XP level 11. HP: 69/69 MP: 11/11
 10566 | D:9      | Noticed a centaur warrior
 10578 | D:9      | Killed a centaur warrior
 11418 | D:10     | Entered Level 10 of the Dungeon
 12956 | D:11     | Found a portal to a secret trove of treasure.
 12977 | D:11     | Noticed a cyclops
 12995 | D:11     | Killed a cyclops
 13571 | D:11     | Noticed a two-headed ogre
 13587 | D:11     | Killed a two-headed ogre
 13654 | D:11     | Noticed a cyclops
 13661 | D:11     | Killed a cyclops
 13890 | D:11     | Reached skill level 11 in Polearms
 13890 | D:11     | Reached XP level 12. HP: 77/77 MP: 12/12
 14290 | D:12     | Noticed a boulder beetle
 14421 | D:12     | Killed a boulder beetle
 14768 | D:12     | Received a gift from Trog
 14775 | D:12     | Noticed a two-headed ogre
 14791 | D:12     | Killed a two-headed ogre
 14806 | D:12     | Found Sakutt's Weapon Shop.
 14806 | D:12     | Found a staircase to the Orcish Mines.
 14865 | D:12     | Reached skill level 10 in Fighting
 14931 | D:12     | Reached skill level 5 in Throwing
 14931 | D:12     | Reached skill level 5 in Evocations
 14944 | D:12     | Reached skill level 5 in Dodging
 15367 | D:12     | Identified the +4 pair of gloves of the Butcher {rElec
                  | MP+9}
 16091 | Orc:1    | Entered Level 1 of the Orcish Mines
 16210 | Orc:2    | Entered Level 2 of the Orcish Mines
 16210 | Orc:2    | Found Gumiaxug's General Store.
 16981 | Orc:2    | Bought a scroll of teleportation for 48 gold pieces
 16987 | Orc:2    | Found Quuptukh's Book Shoppe.
 17008 | Orc:2    | Reached skill level 12 in Polearms
 17008 | Orc:2    | Reached skill level 10 in Armour
 17146 | Orc:2    | Reached XP level 13. HP: 74/82 MP: 13/13
 17211 | Orc:2    | Found Hech's Antique Weapon Shop.
 17420 | Orc:2    | Noticed an orc warlord
 17679 | Orc:2    | Found a staircase to the Elven Halls.
 18459 | Orc:2    | Found Orieneph's Antique Armour Emporium.
 18634 | Orc:1    | Noticed an ettin
 18997 | Orc:1    | Killed an orc warlord
 19280 | D:2      | Bought the +0 mask of the Dragon {Will+ Slay+3 SInv} for
                  | 835 gold pieces
 19280 | D:2      | Found the +0 mask of the Dragon {Will+ Slay+3 SInv}
 19280 | D:2      | Bought a pair of boots for 112 gold pieces
 19388 | D:2      | Killed Sigmund
 19705 | D:2      | Upgraded the game from 0.28-a0-10-g964c8b829e to
                  | 0.28-a0-21-gf74fda84f9
 19899 | Lair:1   | Entered Level 1 of the Lair of Beasts
 21639 | Lair:3   | Received a gift from Trog
 21759 | Lair:3   | Reached skill level 13 in Polearms
 21850 | Lair:3   | Noticed Rupert
 21866 | Lair:3   | Killed Rupert
 21867 | Lair:3   | Gained mutation: Your large and strong wings let you fly.
                  | [Gargoyle growth]
 21867 | Lair:3   | Reached XP level 14. HP: 77/88 MP: 7/14
 22235 | Lair:4   | Found a staircase to the Shoals.
 22574 | Orc:2    | Bought a ring of protection from cold for 400 gold pieces
 22875 | Lair:4   | Identified a scroll of acquirement
 22876 | Lair:4   | Acquired 960 gold pieces
 23174 | Orc:2    | Bought 2 throwing nets for 96 gold pieces
 23174 | Orc:2    | Bought a wand of iceblast (5) for 144 gold pieces
 23174 | Orc:2    | Bought a wand of polymorph (6) for 128 gold pieces
 23422 | D:2      | Bought a runed scarf for 200 gold pieces
 24017 | Lair:4   | Found a transporter.
 24052 | Lair:4   | Found a transporter.
 24226 | Lair:4   | Found a staircase to the Snake Pit.
 25162 | Lair:5   | Reached XP level 15. HP: 77/92 MP: 8/15
 25276 | Lair:5   | Noticed Kirke
 25288 | Lair:5   | Received a gift from Trog
 25298 | Lair:5   | Killed Kirke
 25792 | Lair:6   | Entered Level 6 of the Lair of Beasts
 25882 | Lair:6   | Noticed Sonja
 25894 | Lair:6   | Killed Sonja
 26114 | Lair:6   | Reached skill level 14 in Polearms
 26855 | Lair:6   | Reached skill level 10 in Evocations
 26866 | Lair:6   | Received a gift from Trog
 26896 | Lair:6   | Reached skill level 10 in Throwing
 26952 | Lair:6   | Found a runed translucent door.
 26952 | Lair:6   | Found a viscous altar of Jiyva.
 26952 | Lair:6   | Found a staircase to the Slime Pits.
 27495 | Lair:6   | Reached skill level 10 in Dodging
 27572 | Lair:6   | Reached XP level 16. HP: 78/97 MP: 8/16
 27792 | Lair:6   | Got the Incunabulum of Blistering Arcane Weapons
 28319 | D:6      | Killed Duvessa
 28321 | D:6      | Killed Dowan
 28323 | D:6      | Killed Crazy Yiuf
 28974 | D:13     | Found Buesm's Armour Boutique.
 28984 | D:13     | Bought a +2 kite shield of cold resistance for 365 gold
                  | pieces
 29027 | D:13     | Found a gate to the Vaults.
 29330 | D:13     | Reached skill level 5 in Shields
 29712 | D:14     | Received a gift from Trog
 29737 | D:14     | Noticed Snorg
 29748 | D:14     | Killed Snorg
 29923 | D:14     | Identified the +1 leather armour "Wibymargh" {*Corrode rF+
                  | rC+ Dex+2}
 29962 | D:14     | Identified the +8 quarterstaff "Mefi" {freeze, rN++ Str+4}
 30748 | D:15     | Entered Level 15 of the Dungeon
 31297 | D:15     | Found a radiant altar of Vehumet.
 31696 | D:15     | Reached skill level 10 in Shields
 31713 | D:15     | Found a staircase to the Depths.
 31849 | D:15     | Upgraded the game from 0.28-a0-21-gf74fda84f9 to
                  | 0.28-a0-32-g8dfe7f97f6
 32161 | Snake:1  | Entered Level 1 of the Snake Pit
 32161 | Snake:1  | Noticed Nikola
 32178 | Snake:1  | Received a gift from Trog
 32181 | Snake:1  | Killed from afar by Nikola

Illustrated notes

Levels and vault maps discovered:
D:1:      onia_arrival_mini_spirals, layout_basic, roderic_roman_lattice
D:2:      layout_basic, serial_shops, shop, ebering_ecumenical_altar_rust,
          minivault_4, uniq_sigmund
D:3:      layout_loops_ring
D:4:      layout_rooms, general_overflow_altar, portal_sewer_entry_b
D:5:      layout_loops_corners, minmay_temple_entry_grid, uniq_pikel
D:6:      layout_basic, hangedman_feature_mirror, uniq_crazy_yiuf_cottage,
          uniq_eustachio, uniq_duvessa
D:7:      layout_gridville, biasface_ghost_orc_armoury, enter_bailey_3
D:8:      layout_gridville, erik_lair_island, gammafunk_ghost_arena
D:9:      layout_layer_cave
D:10:     layout_long_grid
D:11:     layout_gridville, enter_trove_2
D:12:     layout_stronghold, orc_david_3, serial_column_ruins, column_ruins_hut,
          column_ruins_circle_medium, column_ruins_open_small,
          column_ruins_grid_3, column_ruins_open_tiny, column_ruins_open_large,
          column_ruins_columns_straight
D:13:     layout_irregular_city, skrybe_vaults_entry_preservation, serial_shops,
          shop
D:14:     layout_roguey, minmay_door_square, uniq_snorg
D:15:     grunt_enter_depths_magical_seal, layout_loops_ring, vehumet_crystals
Lair:1:   layout_gridlike, infiniplex_staircase_pool
Lair:2:   layout_small_grid, fungi_pond_lemuel, serial_bayou_shore_b,
          lemuel_fruit_tree, infiniplex_staircase_pool_2
Lair:3:   layout_gridlike, grunt_megastairs_1, uniq_rupert
Lair:4:   gammafunk_cloud_chamber, layout_regular_city,
          minmay_shoals_entry_beasts, minmay_snake_entry_guardpost_small,
          grunt_megastairs_4
Lair:5:   layout_gridlike, grunt_megastairs_3, uniq_kirke
Lair:6:   minmay_lair_end_enchanted_forest, layout_regular_city, slime_altar_2,
          wad_woods_road_05, minmay_lair_oklob_chamber, lemuel_fruit_fields,
          uniq_sonja
Snake:1:  layout_basic, basic_altar, grunt_ministairs_2, grunt_megastairs_2,
          uniq_nikola, uniq_aizul
Orc:1:    cheibrodos_orc_bank, layout_caves, mines2_lemuel
Orc:2:    grunt_orc_gardens, layout_caves, grunt_orc_garden, grunt_orc_garden,
          grunt_orc_garden, grunt_orc_garden, nicolae_volcano_entry_two_sided

Skill      XL: |  1  2  3  4  5  6  7  8  9 10 11 12 13 14 15 16 |
---------------+-------------------------------------------------+-----
Polearms       | 3 4 5 6 7 9 10 11 12 13 14 | 14.0
Fighting       | 4 5 6 7 8 9 10 11 | 11.0
Armour         | 3 4 5 6 7 8 9 10 11 12 | 12.0
Throwing       | 1 2 4 5 7 8 10 | 10.4
Evocations     | 1 3 4 5 7 8 10 | 10.4
Dodging        | 2 3 4 5 7 8 10 | 10.0
Shields        | 3 4 10 | 10.5

Action                   |  1- 3 |  4- 6 |  7- 9 | 10-12 | 13-15 | 16-18 || total
-------------------------+-------+-------+-------+-------+-------+-------++-------
Melee: Spear             |   160 |   264 |   292 |       |       |       ||   716
       Trident           |       |       |   182 |  1276 |   668 |       ||  2126
       Demon trident     |       |       |       |       |   995 |   488 ||  1483
Throw: Boomerang         |       |       |       |    54 |   114 |    42 ||   210
       Javelin           |       |       |       |     8 |    40 |       ||    48
       Throwing net      |       |       |       |       |     2 |       ||     2
Invok: Berserk           |       |     6 |    14 |    17 |     9 |       ||    46
       Trog's Hand       |       |       |     1 |     7 |     3 |       ||    11
       Brothers in Arms  |       |       |       |     3 |     2 |     1 ||     6
Evoke: Wand              |       |       |     1 |    10 |    10 |     4 ||    25
       Tin of tremorston |       |       |       |     4 |     4 |     2 ||    10
  Use: Scroll            |       |     3 |     5 |     9 |    15 |     2 ||    34
       Potion            |       |     1 |       |     3 |       |       ||     4
 Stab: Held in net/web   |       |       |       |       |     1 |       ||     1
       Petrified         |       |       |       |       |     7 |       ||     7
       Paralysed         |       |       |       |       |     3 |    15 ||    18
       Petrifying        |       |       |       |       |     1 |       ||     1
Armor: Ring mail         |    49 |    72 |   113 |       |       |       ||   234
       Animal skin       |     2 |       |       |       |       |       ||     2
       Chain mail        |       |       |    41 |       |       |       ||    41
       Plate armour      |       |       |    29 |   677 |   625 |   153 ||  1484
Dodge: Dodged            |    57 |    79 |   137 |   321 |   358 |    68 ||  1020
Block: Buckler           |       |       |       |   386 |   531 |    27 ||   944
       Reflection        |       |       |       |     8 |     2 |    16 ||    26
       Kite shield       |       |       |       |       |       |   188 ||   188

Table legend: (Time is in decaauts)
 A = Elapsed time spent in this place.
 B = Non-inter-level travel time spent in this place.
 C = Inter-level travel time spent in this place.
 D = Time resting spent in this place.
 E = Time spent auto-exploring this place.
 F = Levels seen in this place.
 G = Mean time per level.
                   A        B        C        D        E       F      G
               +--------+--------+--------+--------+--------+-----+--------+
         Total |  31527 |  28183 |   3344 |   7541 |   8485 |  26 | 1212.6 |
       Dungeon |  19398 |  16881 |   2517 |   4132 |   6417 |  15 | 1293.2 |
          Lair |   7035 |   6435 |    600 |   1266 |   1289 |   6 | 1172.5 |
     Snake Pit |     15 |     15 |      0 |      0 |      0 |   1 |   15.0 |
  Orcish Mines |   3010 |   2784 |    226 |   1226 |    458 |   2 | 1505.0 |
         Sewer |    514 |    514 |      0 |    212 |     44 |   1 |  514.0 |
        Bailey |   1552 |   1552 |      0 |    704 |    277 |   1 | 1552.0 |
               +--------+--------+--------+--------+--------+-----+--------+

Top non-repeatable levels by time:
    D:12: 2010 daAuts
  Lair:6: 2009 daAuts
   Orc:2: 1994 daAuts
     D:9: 1978 daAuts
    D:11: 1798 daAuts
  Bailey: 1552 daAuts
    D:10: 1508 daAuts
     D:5: 1501 daAuts
  Lair:5: 1365 daAuts
     D:8: 1246 daAuts
    D:13: 1235 daAuts
     D:6: 1200 daAuts
     D:7: 1184 daAuts
    D:15: 1133 daAuts
  Lair:4: 1106 daAuts
